 Dungeon Crawl Stone Soup version 0.30-a0-457-g4b7bca3bfa (webtiles) character file.

Game seed: 18443888835246159693

980 Brandom the Grasshopper (level 7, -3/94 HPs)
             Began as an Armataur Warper on Dec 13, 2022.
             Slain by a vampire (10 damage)
             ... on level 6 of the Dungeon.
             The game lasted 00:12:17 (4474 turns).

Brandom the Grasshopper (Armataur Warper)           Turns: 4474, Time: 00:12:18

Health: -3/94      AC:  9    Str: 16    XL:     7   Next: 96%
Magic:  19/19      EV:  9    Int: 16    God:
Gold:   298        SH:  0    Dex:  9    Spells: 8/10 levels left

rFire   . . .      SeeInvis .    e - +2 whip (venom)
rCold   . . .      Faith    .    (no shield)
rNeg    . . .      Spirit   .    I - +0 chain mail
rPois   .          Reflect  .    p - +0 helmet
rElec   +          Harm     .    (no cloak)
rCorr   .          Roll     +    (no gloves)
Will    .....      Clarity  +    (no barding)
Stlth   ..........               (no amulet)
HPRegen 0.35/turn                l - +4 ring of evasion
MPRegen 0.16/turn                j - ring of magical power

@: berserking, very quick
A: large, rugged brown scales 3, deformed body, armoured tail, roll, long
tongue, awkward tongue, clarity, electricity resistance
a: no special abilities


You were on level 6 of the Dungeon.
You visited 1 branch of the dungeon, and saw 6 of its levels.

You collected 298 gold pieces.

Inventory:

Hand Weapons
 e - a +2 whip of venom (weapon)
   (You found it on level 1 of the Dungeon)
Missiles
 F - 7 boomerangs of dispersal (quivered) {!f}
Armour
 a - a +0 ring mail
   (You took it off a gnoll sergeant on level 5 of the Dungeon)
 h - a +0 plate armour
   (You found it on level 1 of the Dungeon)
 p - a +0 helmet (worn)
   (You found it on level 1 of the Dungeon)
 I - a +0 chain mail (worn)
   (You took it off an orc on level 4 of the Dungeon)
Jewellery
 j - a ring of magical power (right hand)
   (You found it on level 1 of the Dungeon)
 l - a +4 ring of evasion (left hand)
   (You found it on level 1 of the Dungeon)
Wands
 d - a wand of iceblast (13)
   (You found it on level 3 of the Dungeon)
 U - a wand of light (14)
   (You found it on level 5 of the Dungeon)
Scrolls
 c - 2 scrolls of blinking
 g - a scroll of noise {unknown}
 k - a scroll of vulnerability {!r}
 m - 2 scrolls of magic mapping
 n - a scroll of torment {unknown}
 q - a scroll of enchant armour {unknown}
 u - a scroll of acquirement {unknown}
 A - a scroll of teleportation {unknown}
 N - 2 scrolls of enchant weapon {unknown}
 O - 4 scrolls of immolation {unknown}
 P - 2 scrolls of fear {unknown}
 Q - a scroll of fog {unknown}
 X - a scroll of silence {unknown}
Potions
 f - 4 potions of brilliance
 o - a potion of attraction {!q}
 r - 2 potions of invisibility
 t - 2 potions of magic
 v - a potion of mutation {!q}
 x - a potion of lignification {!q}
 C - 2 potions of might {unknown}
 M - 2 potions of heal wounds {unknown}
 R - a potion of curing {unknown}
 S - a potion of cancellation
Miscellaneous
 T - a piece from Xom's chessboard (15/15)
   (You found it on level 5 of the Dungeon)


   Skills:
 + Level 4.0 Fighting
 - Level 1.7 Long Blades
 + Level 3.3 Maces & Flails
 - Level 0.8 Throwing
 + Level 4.8 Armour
 + Level 3.4 Dodging
 - Level 2.0 Spellcasting
 + Level 5.0 Translocations


You had 8 spell levels left.
You knew the following spells:

 Your Spells              Type           Power      Damage    Failure   Level
b - Blink                 Tloc           34%        N/A       52%         2

Your spell library contained the following spells:

 Spells                   Type           Power      Damage    Failure   Level
 Lesser Beckoning         Tloc           34%        N/A       77%         3
 Teleport Other           Tloc           17%        N/A       77%         3
 Shock                    Conj/Air       4%         1d3       97%         1
 Vhi's Electric Charge    Tloc/Air       18%        N/A       98%         3
 Cigotuvi's Dreadful Rot  Necr/Pois/Air  2%         N/A       99%         2
 Poisonous Vapours        Pois/Air       2%         N/A       99%         2
 Static Discharge         Conj/Air       2%         2-3/arc   99%         2
 Manifold Assault         Tloc           17%        N/A       99%         4
 Mephitic Cloud           Conj/Pois/Air  1%         N/A       100%        3
 Swiftness                Air            1%         N/A       100%        3
 Airstrike                Air            0%         2d(1-17)  100%        4
 Arcjolt                  Conj/Air       0%         1d10      100%        5
 Lightning Bolt           Conj/Air       0%         1d11      100%        5


Dungeon Overview and Level Annotations

Branches:
Dungeon (6/15)
 Temple: D:4-7

Altars:
Zin


Innate Abilities, Weirdness & Mutations

You are completely covered in rugged brown scales. (AC +3, +7% HP)
Armour fits poorly on your strangely shaped body.
You have a long armoured tail.
You roll when moving toward enemies. (Rampage)
Your long tongue fully drains potion bottles. (2x potion effects)
Your tongue gives you trouble enunciating. (1.5x scroll delay)
You possess an exceptional clarity of mind.
You are resistant to electric shocks. (rElec)


Message History

The vampire casts a spell.
The vampire flickers and vanishes!
Deactivating autopickup; reactivate with Ctrl-A.
You hit something but do no damage. You hit something.
Your tail-slap misses something.
Something hits you. Something bites you but does no damage.
You hit something. Something hits you. Something bites you but does no damage.
Unknown command.
You whack something! You hit something but do no damage.
Your tail-slap misses something.
Something draws life force from you!!
You barely miss something. You closely miss something. Something hits you!
* * * LOW HITPOINT WARNING * * *
Something bites you!
* * * LOW HITPOINT WARNING * * *
Something draws strength from your injuries!
You miss something. You tail-slap something! Something hits you!
* * * LOW HITPOINT WARNING * * *
Something bites you but does no damage.
You miss something.
Your tail-slap misses something.
You hit something. Something hits you.
* * * LOW HITPOINT WARNING * * *
Something bites you!
* * * LOW HITPOINT WARNING * * *
Something draws strength from your injuries!
Unknown command.
You barely miss something. Something hits you!
* * * LOW HITPOINT WARNING * * *
Something bites you.
* * * LOW HITPOINT WARNING * * *
Something draws strength from your injuries!
You are too berserk!
Unknown command.
You closely miss something. You whack something!
Your tail-slap misses something.
Something hits you but does no damage. Something bites you but does no damage.
You closely miss something. You hit something.
Something hits you but does no damage. Something bites you!
You die...

,,,,,,,,.....,,,,,,,* #.........
,,,**,,**#..#####*,** #.........
,,,******#.>##..##** #.########
,,,+,,,,,#...'...# ##...#....
,,,*,,,,,#...#...# #....'....
,,,*,,,,,#.<.#...# #....#....
,,,**,,**#.###'##########...#....
,,,**,,*##.###..#.......#...#....
,,,,,,,,#).#....@{#,,...###+#....
**+**,,,#..#......#,,.........###
,,,**,,,#..#......#,,.........#..
,,,,*,,,#..#......#,,.........'..
,,,**,,*##.########,,.........#..
,,,**,,**###*,,,,,,,*###......#..
,,,,,,,,,,,,*,,,,,,,*,,#......#..
,,,,,,,,,,,,*,,,,,,,*,,#......#..
,,,**,,,,,,,*,,,,,,,*,,#......+..


There were no monsters in sight!

Vanquished Creatures
  An ice beast (D:5)
  A centaur (D:5)
  A phantom (D:5)
  A gnoll sergeant (D:5)
  A bullfrog (D:6)
  A scorpion (D:5)
  A howler monkey (D:5)
  4 hounds
  A jelly (D:5)
  2 orc priests
  An iguana (D:5)
  An orc wizard (D:5)
  4 gnolls
  7 adders
  2 shadow imps (D:6)
  2 ufetubi
  2 worms (D:4)
  8 dart slugs
  16 orcs
  2 ball pythons (D:2)
  3 bats
  6 endoplasms
  6 giant cockroaches
  5 goblins
  8 hobgoblins
  4 jackals (D:5)
  5 kobolds
  8 quokkas
  2 frilled lizards
  6 rats
112 creatures vanquished.

Notes
Turn   | Place    | Note
-------+----------+-------------------------------------------
     0 | D:1      | Brandom the Armataur Warper began the quest for the Orb.
     0 | D:1      | Reached XP level 1. HP: 18/18 MP: 3/3
   218 | D:1      | Reached XP level 2. HP: 22/25 MP: 4/4
   914 | D:2      | Reached XP level 3. HP: 31/31 MP: 6/6
  1215 | D:2      | Reached skill level 1 in Maces & Flails
  1621 | D:3      | Reached XP level 4. HP: 38/38 MP: 7/7
  2031 | D:3      | Reached XP level 5. HP: 43/44 MP: 8/8
  2557 | D:4      | Reached skill level 4 in Translocations
  2647 | D:5      | Entered Level 5 of the Dungeon
  2654 | D:5      | Reached XP level 6. HP: 42/53 MP: 9/9
  2658 | D:5      | Gained mutation: Your magical capacity is low. (-10% MP)
                  | [potion of mutation]
  2658 | D:5      | Gained mutation: You have a pair of small antennae on your
                  | head. [potion of mutation]
  2658 | D:5      | Gained mutation: You are agile. (Dex +4, Str/Int -1)
                  | [potion of mutation]
  2659 | D:5      | Lost mutation: You are agile. (Dex +4, Str/Int -1) [potion
                  | of mutation]
  2659 | D:5      | Lost mutation: Your magical capacity is low. (-10% MP)
                  | [potion of mutation]
  2659 | D:5      | Lost mutation: You have a pair of small antennae on your
                  | head. [potion of mutation]
  2659 | D:5      | Gained mutation: You possess an exceptional clarity of
                  | mind. [potion of mutation]
  2659 | D:5      | Gained mutation: You are resistant to electric shocks.
                  | (rElec) [potion of mutation]
  3109 | D:5      | Noticed an ice beast
  3122 | D:4      | Learned a level 2 spell: Blink
  3145 | D:5      | Killed an ice beast
  3146 | D:5      | Reached XP level 7. HP: 60/60 MP: 10/10
  3651 | D:5      | Found a glowing silver altar of Zin.
  3654 | D:5      | Noticed an angel
  4106 | D:6      | Noticed a vampire
  4265 | D:5      | Reached skill level 5 in Translocations
  4474 | D:6      | Slain by a vampire

Illustrated notes

Levels and vault maps discovered:
D:1:      dpeg_arrival_boxorama, layout_rooms
D:2:      layout_loops_corners
D:3:      layout_rooms, minmay_misc_feat_roman
D:4:      layout_rooms
D:5:      layout_basic, zin_angel, hellmonk_bongcloud_opening
D:6:      layout_gridville

Skill      XL: |  1  2  3  4  5  6  7 |
---------------+----------------------+-----
Fighting       | 2 3 4 |  4.0
Spellcasting   | 2 |  2.0
Armour         | 2 3 4 |  4.8
Maces & Flails | 1 2 3 |  3.3
Dodging        | 2 3 |  3.4
Translocations | 4 5 |  5.0
Long Blades    | |  1.7
Throwing       | |  0.8

Action                   |  1- 3 |  4- 6 |  7- 9 || total
-------------------------+-------+-------+-------++-------
Melee: Whip              |    95 |   173 |   120 ||   388
       Tailslap          |     4 |    30 |     9 ||    43
       Punch             |     1 |     1 |       ||     2
  Use: Scroll            |       |     7 |     3 ||    10
       Potion            |       |     2 |     1 ||     3
Armor: Leather armour    |     4 |       |       ||     4
       Ring mail         |    27 |    53 |       ||    80
       Chain mail        |       |     5 |    51 ||    56
Dodge: Dodged            |    53 |    85 |    47 ||   185

Table legend: (Time is in decaauts)
 A = Elapsed time spent in this place.
 B = Non-inter-level travel time spent in this place.
 C = Inter-level travel time spent in this place.
 D = Time resting spent in this place.
 E = Time spent auto-exploring this place.
 F = Levels seen in this place.
 G = Mean time per level.
                   A        B        C        D        E       F      G
               +--------+--------+--------+--------+--------+-----+--------+
         Total |   4474 |   4385 |     89 |    212 |   3175 |   6 |  745.7 |
       Dungeon |   4474 |   4385 |     89 |    212 |   3175 |   6 |  745.7 |
               +--------+--------+--------+--------+--------+-----+--------+

Top non-repeatable levels by time:
     D:5: 1459 daAuts
     D:2: 807 daAuts
     D:3: 685 daAuts
     D:1: 673 daAuts
     D:4: 508 daAuts
     D:6: 340 daAuts
